 Dungeon Crawl Stone Soup version 0.25-a0-105-g2289b3b (webtiles) character file.

Game seed: 1610585514134955366, levelgen mode: deterministic

0 JimmahDean the Caller (level 1, 0/15 HPs)
             Began as a Demonspawn Wanderer on Nov 15, 2019.
             Slain by a bat (1 damage)
             ... on level 1 of the Dungeon.
             The game lasted 00:01:50 (149 turns).

JimmahDean the Caller (Demonspawn Wanderer)          Turns: 149, Time: 00:01:50

Health: 0/15       AC:  2    Str: 11    XL:     1   Next: 8%
Magic:  2/2        EV:  8    Int: 12    God:
Gold:   10         SH:  7    Dex: 14    Spells: 1/2 levels left

rFire    . . .     SeeInvis .   b - +1 mace (crush)
rCold    . . .     Gourm    .   e - +0 shield
rNeg     . . .     Faith    .   d - +0 robe
rPois    .         Spirit   .   (no helmet)
rElec    .         Reflect  .   (no cloak)
rCorr    .         Harm     .   (no gloves)
MR       .....                  (no boots)
Stlth    ++........             (no amulet)
HPRegen  0.05/turn              (no ring)
MPRegen  0.08/turn              (no ring)

@: no status effects
A: no striking features
a: no special abilities


You were on level 1 of the Dungeon.
You were not hungry.

You visited 1 branch of the dungeon, and saw 1 of its levels.

You collected 10 gold pieces.

Inventory:

Hand Weapons
 a - a +0 dagger
 b - a +1 mace of crushing (weapon)
Missiles
 g - 2 throwing nets (quivered) {!f}
Armour
 d - a +0 robe (worn)
 e - a +0 shield (worn)
Scrolls
 c - a scroll of teleportation {@r4}
Comestibles
 f - a ration {@e1}
 h - a chunk of flesh


   Skills:
 - Level 1.0 Fighting
 + Level 0.0 Maces & Flails
   Level 1.0 Polearms
 + Level 1.0 Throwing
 - Level 1.0 Stealth
 - Level 1.0 Shields
 - Level 1.0 Spellcasting
 - Level 3.0 Summonings
   Level 1.1 Necromancy


You had one spell level left.
You knew the following spells:

 Your Spells              Type           Power        Failure   Level  Hunger
a - Summon Butterflies    Summ           #.......     47%         1    ##.....

Your spell library contained the following spells:

 Spells                   Type           Power        Failure   Level  Hunger
 Summon Guardian Golem    Hex/Summ       #.......     96%         3    ####...


Dungeon Overview and Level Annotations

Branches:
Dungeon (1/15)

Altars:


Message History

The rat twitches its whiskers.
The bat closely misses you. You block the bat's attack.
The bat hits you but does no damage. The bat barely misses you.
You block the bat's attack. You block the bat's attack.
The bat closely misses you. The bat closely misses you.
The bat barely misses you.
Number of times to repeat, then command key: You must enter the number of times for the command to repeat.
You closely miss the bat. You block the bat's attack.
You miss the bat. You block the bat's attack.
The bat hits you but does no damage.
You closely miss the bat. The bat hits you.
* * * LOW HITPOINT WARNING * * *
The bat closely misses you.
You take 1 damage, and have 1/15 hp.
You hit the bat but do no damage. You block the bat's attack. The bat hits you.
You die...

### #...# ..#
#...# ..# #...#
..# #...#########
..###.....÷.....#
..'....>#######.##
..#.##### #..#
..#.# ##.# ..#.#
#@# +##.# #b# #+#
#g# #g# ##r##
#######...#
P....P#...#
P.♣.PP#...#
♣.PP..#...#


You could see 2 goblins, a bat and a rat.

Vanquished Creatures
  A bat (D:1)
1 creature vanquished.

Notes
Turn   | Place    | Note
-------+----------+-------------------------------------------
     0 | D:1      | JimmahDean the Demonspawn Wanderer began the quest for the
                  | Orb.
     0 | D:1      | JimmahDean set off with the following items: a +0 dagger, a
                  | scroll of teleportation {@r4}, a +0 robe, a +0 shield, a
                  | ration {@e1}; and the following spell memorised: Summon
                  | Butterflies; and the following spells available to
                  | memorise: Summon Guardian Golem
     0 | D:1      | Reached XP level 1. HP: 15/15 MP: 2/2
   149 | D:1      | Slain by a bat

Levels and vault maps discovered:
D:1:      minmay_arrival_arboretum_small, layout_basic

Action                   || total
-------------------------++-------
Melee: Mace              ||    10
Armor: Robe              ||    10
Dodge: Dodged            ||    15
Block: Shield            ||    21

Table legend:
 A = Non-vault XP
 B = Vault XP
 C = Vault XP percentage of total XP
 D = Non-vault monster count
 E = Vault monster count
 F = Vault count percentage of total count
                 A         B        C        D         E       F
            +---------+---------+-------+---------+---------+-------
      Total |       1 |       0 |   0.0 |       1 |       0 |   0.0
            +---------+---------+-------+---------+---------+-------
        D:1 |       1 |       0 |   0.0 |       1 |       0 |   0.0
            +---------+---------+-------+---------+---------+-------
